Map: Thunderbird LE

Players

Hoplite

  • Race: Protoss Protoss
  • League: Diamond
  • Spawn Location: 5:00

kemachi - Winner!

  • Race: Protoss Protoss
  • League: Diamond
  • Spawn Location: 11:00

VOD

Have the link to the VOD?

Description

Time

  • Played on: July 30, 2019, 3:12 p.m.
  • Length: 13:57
Show
View Real Time Build Order
Export as new Build Order

Hoplite Protoss 

Build Orders: Double Forge 

Get SALT Encoding   

  12  0:00  Probe  
  13  0:13  Probe  
  14  0:17  Pylon  
  14  0:26  Probe  
  15  0:35  Probe  
  15  0:36  Gateway  
  16  0:43  Probe  
  16  0:44  Assimilator  
  17  0:53  Probe  
  18  0:58  Assimilator  
  18  1:06  Probe  
  18  1:11  Gateway  
  19  1:14  Probe  
  19  1:22  Probe  
  20  1:30  Cybernetics Core  
  21  1:34  Probe  
  22  1:40  Pylon  
  22  1:46  Probe  
  23  1:58  Probe  
  24  2:10  Warp Gate  
  24  2:12  Stalker  
  24  2:13  Sentry  
  28  2:20  Pylon  
  29  2:32  Nexus  
  28  2:39  Sentry  
  28  2:42  Stalker  
  32  2:51  Probe  
  33  3:01  Twilight Council  
  33  3:03  Probe  
  34  3:16  Pylon  
  31  3:36  Pylon  
  31  3:39  Probe  
  30  3:41  Probe  
  30  3:47  Probe  
  31  3:49  Probe  
  33  3:56  Shield Battery  
  33  4:03  Stalker x2  
  37  4:12  Blink  
  37  4:17  Probe, Pylon  
  37  4:20  Probe  
  39  4:29  Forge  
  39  4:30  Forge  
  39  4:32  Probe  
  40  4:39  Probe  
  40  4:44  Probe  
  41  4:46  Pylon  
  41  4:48  Stalker  
  42  4:54  Protoss Ground Armor Level 1, Protoss Ground Weapons Level 1  
  42  4:58  Probe  
  42  5:02  Probe  
  42  5:06  Probe  
  44  5:12  Stalker  
  47  5:14  Probe  
  47  5:16  Probe  
  47  5:26  Probe  
  48  5:28  Probe  
  49  5:41  Stalker  
  50  6:00  Nexus  
  50  6:01  Pylon  
  50  6:02  Probe x2  
  52  6:05  Assimilator  
  52  6:07  Assimilator  
  51  6:11  Pylon  
  51  6:14  Probe  
  50  6:18  Stalker x2  
  50  6:20  Probe  
  55  6:26  Probe  
  55  6:27  Gateway  
  56  6:44  Probe  
  56  6:47  Probe  
  56  6:50  Protoss Ground Armor Level 2  
  56  6:52  Probe  
  58  6:59  Probe  
  58  7:00  Protoss Ground Weapons Level 2  
  60  7:02  Probe  
  60  7:03  Stalker x2  
  65  7:11  Probe  
  65  7:14  Probe  
  67  7:17  Probe  
  68  7:23  Probe  
  68  7:26  Probe, Stalker  
  72  7:35  Probe  
  72  7:38  Probe  
  72  7:41  Probe  
  73  7:48  Probe  
  73  7:50  Probe  
  75  7:53  Robotics Facility  
  75  7:55  Gateway  
  75  7:57  Gateway  
  75  7:58  Gateway  
  75  8:00  Photon Cannon  
  75  8:01  Photon Cannon  
  75  8:06  Photon Cannon  
  75  8:13  Photon Cannon, Probe x2  
  77  8:24  Probe  
  77  8:25  Probe, Stalker  
  81  8:32  Stalker x2  
  81  8:33  Probe x3  
  87  8:45  Probe x2  
  89  9:03  Stalker x2  
  89  9:04  Stalker  
  89  9:09  Probe x3  
  98  9:11  Assimilator  
  98  9:16  Pylon, Assimilator  
  98  9:23  Pylon  
  96  9:30  Protoss Ground Armor Level 3  
  95  9:39  Protoss Ground Weapons Level 3  
  95  9:44  Robotics Facility  
  95  9:45  Robotics Facility  
  95  9:47  Probe  
  95  9:48  Probe  
  97  9:57  Photon Cannon  
  97  10:01  Photon Cannon  
  97  10:17  Nexus  
  97  10:18  Probe x2  
  97  10:19  Pylon  
  99  10:22  Probe  
  99  10:27  Immortal  
  104  10:30  Zealot x3, Probe x2  
  112  10:39  Templar Archives  
  112  10:50  Pylon  
  112  10:52  Pylon  
  112  10:53  Pylon  
  112  10:54  Gateway  
  112  10:56  Pylon, Gateway  
  109  10:59  Gateway, Warp Prism  
  109  11:04  Observer  
  109  11:09  Warp Prism  
  114  11:21  Probe x3  
  114  11:22  Immortal  
  121  11:28  Pylon  
  121  11:37  Gateway x2  
  121  11:40  Gateway  
  121  11:41  Gateway  
  121  11:43  Gateway  
  121  11:45  Gateway  
  121  11:51  Zealot x6  
  133  11:58  Immortal  
  137  12:13  Probe x4  
  141  12:17  Stalker  
  143  12:25  Probe x4  
  147  12:35  Zealot x2  
  147  12:36  Zealot x5  
  153  12:37  Probe x2  
  149  12:45  Zealot x2  
  129  12:56  Probe x2  
  129  12:57  Probe, Stalker  
  129  12:58  Stalker x2  
  138  13:11  Stalker  
  138  13:12  Stalker x3  
  142  13:20  High Templar x2  
  142  13:25  Archon  
  142  13:28  High Templar x3  
  142  13:33  Archon  
  146  13:35  High Templar x4  
  144  13:41  Archon  
  144  13:42  Archon  
Show
View Real Time Build Order
Export as new Build Order

kemachi Protoss - Winner!

Build Orders: Phoenix Opening 

Get SALT Encoding   

  12  0:01  Probe  
  13  0:14  Probe  
  14  0:17  Pylon  
  14  0:26  Probe  
  15  0:37  Probe  
  15  0:38  Gateway  
  16  0:45  Probe  
  16  0:49  Assimilator  
  17  0:53  Probe  
  18  1:04  Probe  
  18  1:10  Gateway  
  19  1:16  Probe, Assimilator  
  20  1:28  Probe, Cybernetics Core  
  21  1:37  Probe, Pylon  
  21  1:45  Probe  
  23  1:55  Probe  
  24  2:04  Adept x2  
  24  2:08  Stargate  
  28  2:13  Probe  
  29  2:17  Pylon  
  29  2:25  Probe  
  30  2:35  Adept  
  32  2:39  Shield Battery  
  32  2:51  Robotics Facility  
  32  2:52  Phoenix  
  32  2:56  Probe  
  35  3:05  Pylon  
  35  3:09  Adept  
  37  3:18  Phoenix  
  39  3:23  Adept  
  39  3:45  Probe, Phoenix  
  40  3:52  Immortal  
  44  3:57  Probe  
  44  3:58  Pylon  
  45  4:14  Phoenix  
  47  4:28  Nexus  
  47  4:30  Probe  
  48  4:41  Phoenix  
  50  4:57  Probe  
  51  5:03  Immortal  
  51  5:05  Warp Gate  
  55  5:10  Pylon  
  55  5:28  Probe  
  55  5:29  Pylon  
  55  5:31  Phoenix  
  58  5:40  Probe, Forge  
  59  5:52  Probe x2  
  61  5:57  Shield Battery, Assimilator  
  61  5:59  Assimilator  
  61  6:04  Probe  
  62  6:05  Probe  
  63  6:24  Nexus  
  63  6:25  Pylon  
  63  6:32  Immortal  
  67  6:35  Probe x2  
  69  6:40  Protoss Ground Weapons Level 1  
  69  6:45  Probe  
  69  6:46  Robotics Facility  
  69  6:53  Probe  
  70  6:56  Probe  
  70  6:59  Protoss Air Weapons Level 1  
  72  7:05  Probe  
  73  7:11  Immortal  
  77  7:18  Probe  
  77  7:19  Probe  
  79  7:23  Robotics Bay  
  79  7:31  Probe  
  80  7:41  Probe x3  
  78  7:48  Immortal  
  78  7:49  Probe  
  78  7:51  Observer  
  86  7:56  Probe x2  
  86  7:57  Probe, Robotics Bay  
  87  7:59  Robotics Facility  
  90  8:07  Assimilator  
  90  8:11  Assimilator  
  90  8:12  Immortal  
  94  8:14  Twilight Council  
  94  8:15  Pylon  
  94  8:22  Protoss Ground Weapons Level 2, Extended Thermal Lance  
  94  8:24  Probe  
  94  8:25  Probe x2  
  95  8:36  Colossus  
  101  8:42  Probe x2  
  101  8:43  Probe  
  104  8:50  Charge  
  104  8:54  Colossus  
  110  9:00  Immortal  
  114  9:06  Probe x2  
  114  9:07  Pylon  
  116  9:10  Pylon  
  116  9:29  Colossus  
  122  9:39  Colossus  
  122  9:44  Nexus  
  122  9:45  Fleet Beacon  
  128  9:46  Pylon  
  128  9:57  Photon Cannon  
  128  9:59  Photon Cannon  
  128  10:00  Photon Cannon, Probe x2  
  128  10:02  Photon Cannon  
  130  10:08  Colossus  
  136  10:15  Pylon  
  136  10:23  Pylon  
  136  10:26  Protoss Air Weapons Level 2  
  136  10:33  Carrier, Stargate  
  136  10:35  Pylon  
  142  10:43  Colossus  
  142  10:48  Immortal  
  150  11:02  Colossus  
  156  11:06  Probe x3  
  159  11:21  Probe x2  
  159  11:22  Probe  
  159  11:24  Carrier, Assimilator  
  162  11:26  Photon Cannon  
  162  11:27  Assimilator  
  162  11:30  Carrier  
  162  11:37  Immortal  
  178  11:58  Pylon  
  178  11:59  Pylon  
  178  12:00  Pylon  
  178  12:02  Pylon  
  178  12:15  Colossus  
  178  12:16  Immortal  
  178  12:22  Immortal  
  192  12:32  Zealot x2  
  175  12:56  Nexus  
  175  13:00  Pylon, Immortal  
  175  13:01  Immortal, Pylon  
  189  13:09  Immortal  
  183  13:31  Probe x2  
  183  13:32  Probe  
  200  13:43  Probe x2  
Tags
 
Add a new tag
Caveats
  • Supply blocks, unpowered buildings, or Contaminate may cause inaccurate times.
  • Supply counts are checked every 10 seconds.